 Dungeon Crawl Stone Soup version 0.31-a0-662-g684573625c (webtiles) character file.

Game seed: 3970937073421995731

2424 Revguard the Sneak (level 9, 0/65 HPs)
             Began as a Demonspawn Brigand on Sept 1, 2023.
             Was a High Priest of Cheibriados.
             Slain by greenbourne's ghost (18 damage)
             ... on level 7 of the Dungeon.
             The game lasted 00:27:08 (5709 turns).

Revguard the Sneak (Demonspawn Brigand)             Turns: 5709, Time: 00:27:08

Health: 0/65       AC: 16    Str: 24    XL:     9   Next: 24%
Magic:  8/13       EV: 14    Int: 24    God:    Cheibriados [*****.]
Gold:   414        SH:  0    Dex: 31    Spells: 12/14 levels left

rFire   + . .        a - +3 dagger (flame)
rCold   + . .        (no shield)
rNeg    . . .        b - +1 ring mail "Pengyg" {rF+ Slay+3 Stlth-}
rPois   .            (helmet restricted)
rElec   .            e - +2 cloak
rCorr   .            n - +0 pair of gloves
SInv    .            g - +0 pair of boots
Will    .....        (no amulet)
Stlth   +++          (no ring)
HPRegen 0.30/turn    (no ring)
MPRegen 0.13/turn

%: clarity
@: about to teleport, wereblooded, very slow
A: horns 1, icy blue scales 3, spiny 2, clarity
a: Renounce Religion, Bend Time, Temporal Distortion, Slouch, Step From Time


You were on level 7 of the Dungeon.
You worshipped Cheibriados.
Cheibriados was extremely pleased with you.
You visited 1 branch of the dungeon, and saw 7 of its levels.
You also visited: Sewer and Ossuary.

You collected 414 gold pieces.

Inventory:

Hand Weapons
 a - a +3 dagger of flaming (weapon)
 c - a +1 short sword of venom
 u - a +1 dagger of flaming
Missiles
 d - 17 poisoned darts (quivered)
 m - 3 curare-tipped darts
 q - a throwing net
 s - 3 atropa-tipped darts
Armour
 b - the +1 ring mail "Pengyg" (worn) {rF+ Slay+3 Stlth-}
   (You took it off an orc on level 3 of the Dungeon)

   Slay+3:    It affects your accuracy & damage with ranged weapons and melee
   (+3).
   rF+:       It protects you from fire.
   Stlth-:    It makes you less stealthy.
 e - a +2 cloak (worn)
 g - a +0 pair of boots (worn)
 j - a scarf of repulsion
 l - a +0 leather armour
 n - a +0 pair of gloves (worn)
Jewellery
 D - a ring of fire
Scrolls
 f - a scroll of immolation
 h - 5 scrolls of teleportation
 i - a scroll of revelation
 k - 3 scrolls of fog
 p - 2 scrolls of vulnerability
 r - 2 scrolls of amnesia
 x - 2 scrolls of silence
 y - a scroll of fear
 C - a scroll of torment
Potions
 o - a potion of brilliance
 t - a potion of ambrosia
 v - 2 potions of curing
 z - a potion of mutation
 A - 2 potions of attraction


   Skills:
 + Level 4.3 Fighting
 + Level 4.0 Short Blades
 + Level 3.9 Throwing
 + Level 3.3 Armour
 + Level 3.6 Dodging
 * Level 6.7 Stealth
 + Level 3.1 Spellcasting
 + Level 3.0 Transmutations
 + Level 5.1 Invocations


You had 12 spell levels left.
You knew the following spells:

 Your Spells              Type           Power      Damage    Failure   Level
a - Wereblood             Tmut           18%        N/A       7%          2

Your spell library contained the following spells:

 Spells                   Type           Power      Damage    Failure   Level
 Shock                    Conj/Air       12%        1d3       16%         1
 Slow                     Hex            12%        N/A       16%         1
 Sublimation of Blood     Necr           3%         N/A       24%         2
 Confusing Touch          Hex            3%         N/A       43%         3
 Ozocubu's Armour         Ice            3%         N/A       43%         3
 Swiftness                Air            3%         N/A       43%         3
 Vampiric Draining        Necr           3%         2d6       43%         3
 Airstrike                Air            1%         2d(1-17)  85%         4
 Metabolic Englaciation   Hex/Ice        1%         N/A       99%         5
 Simulacrum               Ice/Necr       1%         N/A       100%        6
 Summon Hydra             Summ           1%         N/A       100%        7


Dungeon Overview and Level Annotations

Branches:
Dungeon (7/15)              Sewer (visited)         Ossuary (visited)
 Temple: D:4-7

Altars:
Ashenzari
Cheibriados
Dithmenos
Fedhas
Gozag
Kikubaaqudgha
Okawaru
Ru
Vehumet
Wu Jian

Shops:
D:5 :

Annotations:
D:7 greenbourne's ghost, novice OgGl


Innate Abilities, Weirdness & Mutations

You have a pair of small horns on your head.
You are completely covered in icy blue scales. (AC +4, rC+)
You are mostly covered in sharp spines.
You possess an exceptional clarity of mind.


Message History

Greenbourne's ghost hits you!
You barely miss greenbourne's ghost.
Greenbourne's ghost is severely damaged.
Greenbourne's ghost hits you but does no damage.
You are electrocuted!
You hit greenbourne's ghost.
You headbutt greenbourne's ghost, but do no damage.
Greenbourne's ghost is severely damaged.
Greenbourne's ghost barely misses you.
You closely miss greenbourne's ghost.
You headbutt greenbourne's ghost, but do no damage.
Your punch misses greenbourne's ghost.
Greenbourne's ghost is severely damaged.
Greenbourne's ghost is struck by your spines.
Greenbourne's ghost hits you.
* * * LOW HITPOINT WARNING * * *
You barely miss greenbourne's ghost.
You headbutt greenbourne's ghost, but do no damage.
Greenbourne's ghost is severely damaged.
You barely miss greenbourne's ghost.
Your headbutt misses greenbourne's ghost.
Greenbourne's ghost is severely damaged.
Greenbourne's ghost barely misses you.
You hit greenbourne's ghost. You burn greenbourne's ghost.
Greenbourne's ghost is almost destroyed.
Greenbourne's ghost whispers, "There is no future for you."
Greenbourne's ghost hits you.
* * * LOW HITPOINT WARNING * * *
You are electrocuted!
* * * LOW HITPOINT WARNING * * *
Okay, then.
You feel much better. Greenbourne's ghost hits you.
As you read the scroll of teleportation, it crumbles to dust.
You feel strangely unstable.
Greenbourne's ghost is struck by your spines.
Greenbourne's ghost hits you.
* * * LOW HITPOINT WARNING * * *
Greenbourne's ghost hits you but does no damage.
You are electrocuted!!
You die...

################+###
#...........#......#
#......####.#......#
+...........'...>).+
###.......###.#......##
.......<..###.#.......#
............#.#.##....#
............+.#.#.....#
#........@###.#.....#
#........W# #.#....##
###...##'####.#....#
#...#.~.#........#
.....#.~.#........#######
.......#.~.#........'......
........#.~.#........#......
........#.!.#........#.#####
..(.....#####.####+###.#


You could see greenbourne's ghost.

Vanquished Creatures
  A steam dragon (D:6)
  Menkaure (Ossuary)
  Pargi (Sewer)
  A black bear (D:5)
  The ghost of eneti the Shield-Bearer, an amateur MiFi (D:3)
  3 phantoms
  2 kobold brigands
  A bullfrog (D:6)
  3 scorpions
  2 howler monkeys (D:3)
  4 hounds
  3 orc priests
  2 jellies (D:6)
  Crazy Yiuf (D:2)
  3 gnoll boudas
  3 iguanas
  A sleepcap (D:3)
  4 orc wizards
  3 mummies (Ossuary)
  8 adders
  20 gnolls
  3 river rats (D:3)
  An ufetubus (D:5)
  4 worms
  2 dart slugs
  45 orcs
  7 endoplasms
  4 giant cockroaches
  10 hobgoblins
  13 jackals
  4 quokkas
  11 ball pythons
  2 bats
  10 frilled lizards
  7 gnoll skeletons (Ossuary)
  3 gnoll zombies (Ossuary)
  8 goblins
  3 goblin skeletons (Ossuary)
  7 goblin zombies (Ossuary)
  3 hobgoblin skeletons (Ossuary)
  7 hobgoblin zombies (Ossuary)
  12 kobolds
  7 kobold skeletons (Ossuary)
  4 kobold zombies (Ossuary)
  3 orc skeletons (Ossuary)
  4 orc zombies (Ossuary)
  12 rats
  2 rat skeletons (Ossuary)
266 creatures vanquished.

Vanquished Creatures (others)
  2 orcs (D:3)
2 creatures vanquished.

Grand Total: 268 creatures vanquished

Notes
Turn   | Place    | Note
-------+----------+-------------------------------------------
     0 | D:1      | Revguard the Demonspawn Brigand began the quest for the
                  | Orb.
     0 | D:1      | Reached XP level 1. HP: 16/16 MP: 1/1
   168 | D:1      | Reached skill level 1 in Dodging
   183 | D:1      | Gained mutation: You are partially covered in icy blue
                  | scales. (AC +2) [demonic ancestry]
   183 | D:1      | Reached XP level 2. HP: 22/22 MP: 2/2
   517 | D:1      | Reached skill level 1 in Invocations
   526 | D:1      | Gained mutation: You have a pair of small horns on your
                  | head. [demonic ancestry]
   526 | D:1      | Reached XP level 3. HP: 22/27 MP: 3/3
   710 | D:2      | Reached skill level 4 in Stealth
  1105 | D:2      | Found a runed translucent door.
  1106 | D:2      | Noticed Crazy Yiuf
  1136 | D:2      | Gained mutation: You are partially covered in sharp spines.
                  | [demonic ancestry]
  1136 | D:2      | Reached XP level 4. HP: 34/34 MP: 5/5
  1439 | D:2      | Killed Crazy Yiuf
  1440 | D:2      | Reached skill level 1 in Armour
  1503 | D:2      | Learned a level 2 spell: Wereblood
  1553 | D:3      | Found a blossoming altar of Fedhas.
  1555 | D:3      | Found an ornate altar of the Wu Jian Council.
  1557 | D:3      | Found a snail-covered altar of Cheibriados.
  1557 | D:3      | Found a broken altar of Ashenzari.
  1558 | D:3      | Found an iron altar of Okawaru.
  1562 | D:3      | Gained mutation: You are mostly covered in icy blue scales.
                  | (AC +3) [demonic ancestry]
  1562 | D:3      | Reached XP level 5. HP: 39/39 MP: 6/6
  1564 | D:3      | Became a worshipper of Cheibriados the Contemplative
  1658 | D:3      | Found a glowing drain.
  1667 | Sewer    | Entered a sewer
  1741 | Sewer    | Noticed Pargi
  1762 | Sewer    | Killed Pargi
  1763 | Sewer    | Reached XP level 6. HP: 14/46 MP: 7/7
  1786 | Sewer    | Gained mutation: You possess an exceptional clarity of
                  | mind. [potion of mutation]
  1902 | Sewer    | Reached * piety under Cheibriados
  2046 | D:3      | Found a runed translucent gate.
  2046 | D:3      | Identified the +1 ring mail "Pengyg" {rF+ Slay+3 Stlth-}
  2047 | D:3      | Found a runed translucent gate.
  2047 | D:3      | Noticed eneti's ghost (amateur MiFi)
  2048 | D:3      | Found a runed translucent gate.
  2095 | D:3      | Found a sacrificial altar of Ru.
  2239 | D:3      | Reached skill level 1 in Spellcasting
  2239 | D:3      | Reached skill level 1 in Transmutations
  2247 | D:3      | Reached ** piety under Cheibriados
  2306 | D:3      | Reached skill level 5 in Stealth
  2337 | D:3      | Reached XP level 7. HP: 42/52 MP: 9/9
  2634 | D:3      | Reached *** piety under Cheibriados
  3099 | D:3      | Killed eneti's ghost
  3212 | D:4      | Reached **** piety under Cheibriados
  3283 | D:4      | Gained mutation: You are mostly covered in sharp spines.
                  | [demonic ancestry]
  3283 | D:4      | Reached XP level 8. HP: 42/58 MP: 9/11
  3828 | D:5      | Entered Level 5 of the Dungeon
  3906 | D:5      | Found an opulent altar of Gozag.
  4018 | D:5      | Found a shadowy altar of Dithmenos.
  4210 | D:5      | Found Ynnasama's Self-Published Books.
  4634 | D:6      | Reached skill level 6 in Stealth
  4682 | D:6      | Found a sand-covered staircase.
  4688 | Ossuary  | Entered an ossuary
  4720 | Ossuary  | Reached ***** piety under Cheibriados
  4986 | Ossuary  | Noticed Menkaure
  4994 | Ossuary  | Killed Menkaure
  5142 | D:6      | Found an ancient bone altar of Kikubaaqudgha.
  5194 | D:6      | Found a radiant altar of Vehumet.
  5259 | D:6      | Gained mutation: You are completely covered in icy blue
                  | scales. (AC +4, rC+) [demonic ancestry]
  5259 | D:6      | Reached XP level 9. HP: 60/65 MP: 13/13
  5421 | D:6      | Reached skill level 5 in Invocations
  5675 | D:7      | Found a runed translucent door.
  5681 | D:7      | Noticed greenbourne's ghost (novice OgGl)
  5706 | D:7      | HP: 1/65 [greenbourne's ghost (14)]
  5709 | D:7      | Slain by greenbourne's ghost

Illustrated notes

Levels and vault maps discovered:
D:1:      beargit_arrival_greenhouse, layout_loops_cross
D:2:      wander_river, layout_rooms, minmay_unequal, uniq_crazy_yiuf_cottage
D:3:      lemuel_castle_with_subvaults [lemuel_castle_interior_original],
          layout_rooms, old_standard_altar, grunt_temple_overflow_open,
          biasface_ghost_orc_armoury, lightli_sewer_entry_pipes,
          kennysheep_nondescript, minmay_box_of_dots
D:4:      layout_loops_ring, grunt_ministairs_9
D:5:      layout_loops_ring, grunt_temple_overflow_gold_and_silver,
          nicolae_dithmenos_through_a_glass_darkly, serial_bayou_lagoon_a,
          nicolae_custom_books
D:6:      layout_cave_pools, mainiacjoe_overflow_catwalk,
          kiku_gazebo_garden_becter, nicolae_ossuary_entry_plus
D:7:      layout_basic, minmay_temple_entry_antechambers,
          ebering_ghost_reflecting_pool, kennysheep_generic_room_15

Skill      XL: |  1  2  3  4  5  6  7  8  9 |
---------------+----------------------------+-----
Dodging        | 1 2 3 |  3.6
Throwing       | 2 3 |  3.9
Invocations    | 1 2 3 4 5 |  5.1
Short Blades   | 2 3 4 |  4.0
Stealth        | 4 5 6 |  6.7
Armour         | 1 2 3 |  3.3
Spellcasting   | 1 2 3 |  3.1
Transmutations | 1 2 3 |  3.0
Fighting       | 3 4 |  4.3

Action                     |  1- 3 |  4- 6 |  7- 9 || total
---------------------------+-------+-------+-------++-------
  Melee: Dagger            |   119 |   124 |   171 ||   414
         Headbutt          |     6 |    17 |    63 ||    86
         Punch             |       |     1 |     5 ||     6
         Short sword       |       |       |    84 ||    84
  Throw: Dart              |     3 |     8 |       ||    11
   Cast: Wereblood         |       |     1 |     6 ||     7
 Invoke: Slouch            |       |       |     1 ||     1
    Use: Scroll            |     5 |     4 |    12 ||    21
         Potion            |     1 |     4 |     7 ||    12
   Stab: Sleeping          |     9 |    10 |    13 ||    32
         Distracted        |     1 |       |     1 ||     2
         Invisible         |       |     6 |       ||     6
 Armour: Robe              |    53 |    61 |       ||   114
         Leather armour    |       |    37 |    35 ||    72
         Ring mail         |       |       |    98 ||    98
  Dodge: Dodged            |    62 |   100 |   175 ||   337

Table legend: (Time is in decaauts)
 A = Elapsed time spent in this place.
 B = Non-inter-level travel time spent in this place.
 C = Inter-level travel time spent in this place.
 D = Time resting spent in this place.
 E = Time spent auto-exploring this place.
 F = Levels seen in this place.
 G = Mean time per level.
                   A        B        C        D        E       F      G
               +--------+--------+--------+--------+--------+-----+--------+
         Total |   7998 |   7724 |    274 |     83 |   5354 |   9 |  888.7 |
       Dungeon |   7084 |   6810 |    274 |      0 |   5055 |   7 | 1012.0 |
         Sewer |    400 |    400 |      0 |     83 |    133 |   1 |  400.0 |
       Ossuary |    513 |    513 |      0 |      0 |    165 |   1 |  513.0 |
               +--------+--------+--------+--------+--------+-----+--------+

Top non-repeatable levels by time:
     D:3: 1863 daAuts
     D:5: 1395 daAuts
     D:6: 1056 daAuts
     D:4: 1026 daAuts
     D:2: 859 daAuts
     D:1: 676 daAuts
 Ossuary: 513 daAuts
   Sewer: 400 daAuts
     D:7: 205 daAuts
